Map: Odyssey LE

Players

PhoenixTears

  • Race: Protoss Protoss
  • League: Diamond
  • Spawn Location: 5:00

TerranLord - Winner!

  • Race: Terran Terran
  • League: Diamond
  • Spawn Location: 11:00

VOD

Have the link to the VOD?

Description

Time

  • Played on: Dec. 5, 2017, 6:25 a.m.
  • Length: 8:30
Show
View Real Time Build Order
Export as new Build Order

PhoenixTears Protoss 

Build Orders:  

Get SALT Encoding   

  12  0:01  Probe  
  13  0:15  Probe  
  13  0:18  Pylon  
  14  0:29  Probe (Chrono Boost)  
  15  0:38  Gateway  
  15  0:41  Probe (Chrono Boost)  
  16  0:49  Probe (Chrono Boost)  
  17  0:53  Assimilator  
  17  0:57  Assimilator  
  17  0:59  Probe  
  18  1:15  Probe  
  19  1:20  Gateway  
  19  1:26  Pylon  
  19  1:31  Cybernetics Core  
  19  1:35  Probe (Chrono Boost)  
  20  1:44  Pylon  
  21  1:47  Probe (Chrono Boost)  
  21  2:00  Probe  
  22  2:07  Stalker x2  
  26  2:12  Warp Gate (Chrono Boost)  
  26  2:21  Gateway  
  26  2:31  Probe  
  27  2:37  Stalker  
  27  2:41  Stalker  
  31  2:49  Pylon  
  31  3:03  Probe  
  32  3:11  Stalker x2  
  36  3:15  Probe  
  37  3:22  Pylon  
  37  3:35  Stalker  
  37  3:40  Shield Battery  
  39  3:42  Shield Battery  
  39  3:51  Stargate  
  39  4:08  Stalker x2  
  43  4:29  Stalker  
  43  4:36  Pylon  
  43  4:37  Void Ray (Chrono Boost)  
  47  4:56  Stalker  
  47  4:58  Shield Battery  
  49  5:00  Stalker  
  51  5:29  Void Ray (Chrono Boost)  
  51  5:43  Stalker x2  
  51  5:44  Stalker  
  57  6:05  Shield Battery x2  
  57  6:07  Shield Battery  
  57  6:09  Void Ray (Chrono Boost)  
  61  6:24  Shield Battery  
  61  6:26  Stalker  
  63  6:35  Pylon  
  60  6:55  Stalker  
  60  6:57  Stalker  
  58  7:13  Probe  
  57  7:29  Stalker x2  
  57  7:31  Sentry  
  49  7:53  Stalker x2  
  53  8:10  Stalker  
Show
View Real Time Build Order
Export as new Build Order

TerranLord Terran - Winner!

Build Orders: Cyclone Opening 

Get SALT Encoding   

  12  0:01  SCV  
  13  0:13  SCV  
  14  0:20  Supply Depot  
  14  0:26  SCV  
  15  0:34  Refinery  
  15  0:41  SCV  
  16  0:46  Barracks  
  16  0:54  SCV  
  17  1:06  SCV  
  18  1:15  Refinery  
  18  1:18  SCV  
  19  1:30  SCV  
  20  1:37  Marine  
  21  1:42  Factory  
  21  1:45  Orbital Command  
  21  1:53  Supply Depot  
  21  1:55  Barracks Reactor  
  21  2:12  SCV  
  22  2:29  Cyclone  
  25  2:31  Starport  
  25  2:32  Marine x2  
  27  2:42  Bunker  
  27  2:50  Bunker, SCV  
  28  2:52  Marine x2  
  28  2:54  Supply Depot  
  30  3:06  SCV  
  30  3:10  Starport Reactor  
  31  3:15  Cyclone  
  31  3:16  Marine x2  
  36  3:31  Barracks  
  36  3:35  Supply Depot  
  36  3:40  Liberator  
  36  3:41  Marine x2  
  38  3:53  Factory Tech Lab  
  38  3:56  Medivac  
  43  4:04  Supply Depot  
  43  4:09  Marine  
  43  4:11  Marine  
  45  4:22  Liberator  
  45  4:25  Factory Tech Lab  
  45  4:28  Marine  
  45  4:29  Marine  
  45  4:30  Stimpack  
  47  4:33  Supply Depot  
  50  4:47  Barracks Reactor  
  50  4:53  Command Center  
  50  5:27  Engineering Bay  
  50  5:28  Siege Tank  
  53  5:32  Medivac  
  53  5:35  Supply Depot  
  55  5:36  Bunker  
  51  5:43  Marine x2  
  53  5:56  Missile Turret  
  53  6:01  SCV  
  57  6:04  Marine x2, Siege Tank  
  57  6:09  Orbital Command  
  59  6:20  Marine  
  59  6:25  Marine x2  
  62  6:32  Missile Turret  
  62  6:40  Marine  
  62  6:42  Marine, Siege Tank  
  67  6:52  Marine  
  68  6:55  Supply Depot  
  68  6:58  Marine  
  68  7:02  Marine  
  69  7:09  Marine  
  67  7:15  Marine  
  67  7:16  Supply Depot  
  67  7:20  Marine  
  69  7:27  Marine  
  65  7:33  Marine, Supply Depot  
  66  7:38  Marine  
  57  7:53  Marine x2  
  57  7:56  Marine  
Tags
 
Add a new tag
Caveats
  • Supply blocks, unpowered buildings, or Contaminate may cause inaccurate times.
  • Supply counts are checked every 10 seconds.